 Dungeon Crawl Stone Soup version 0.22.1-2-g9c5b331383 (webtiles) character file.

211961 Rediskos the Severer (level 18, -22/171 HPs)
             Began as a Minotaur Berserker on Dec 20, 2018.
             Was a High Priest of Trog.
             Killed from afar by a deep elf sorcerer (37 damage)
             ... with damnation
             ... on level 3 of the Elven Halls on Dec 21, 2018.
             The game lasted 01:40:07 (27452 turns).

Rediskos the Severer (Minotaur Berserker)          Turns: 27452, Time: 01:40:07

Health: -22/171    AC: 31    Str: 19    XL:     18   Next: 23%
Magic:  8/8        EV: 16    Int:  6    God:    Trog [*****.]
Gold:   3397       SH:  4    Dex: 20    Spells: 17/17 levels left

rFire    + + +     SeeInvis +   o - +3 broad axe (antimagic)
rCold    + + .     Gourm    .   s - +0 buckler
rNeg     + . .     Faith    .   X - +1 plate armour {rC+}
rPois    +         Spirit   .   (helmet restricted)
rElec    +         Reflect  .   x - +2 cloak
rCorr    .         Harm     .   q - +1 pair of gloves
MR       +....                  D - +0 pair of boots
Stlth    ..........             r - amulet of Nagic {rElec rPois rF+++ Regen+ Str-4}
HPRegen  0.78/turn              B - ring of Sirchamn {*Corrode rElec rN+ AC+4}
MPRegen  0.11/turn              G - ring of Typtoomp {rC+ Dex+5 SInv}

@: hasted, very quick
A: retaliatory headbutt, horns 2
}: 1/15 runes: decaying
a: Berserk, Trog's Hand, Brothers in Arms, Renounce Religion


You were on level 3 of the Elven Halls.
You worshipped Trog.
Trog was extremely pleased with you.
You were not hungry.

You visited 6 branches of the dungeon, and saw 27 of its levels.
You visited the Abyss 1 time.
You also visited: Desolation.

You collected 3397 gold pieces.

Inventory:

Hand Weapons
 a - the +1 mace of Moeq {freeze, +Rage Int-2 Dex+4}
   (You found it on level 8 of the Dungeon)

   It has been specially enchanted to freeze those struck by it, causing extra
   injury to most foes and up to half again as much damage against particularly
   susceptible opponents.
   It can also slow down cold-blooded creatures.
   It affects your intelligence (-2).
   It affects your dexterity (+4).
   It lets you go berserk.
 b - a +7 broad axe of chopping
 o - a +3 antimagic broad axe (weapon)
Missiles
 u - 4 throwing nets (quivered)
 Z - 7 poisoned javelins
Armour
 q - a +1 pair of gloves (worn)
 s - a +0 buckler (worn)
 x - a +2 cloak (worn)
 D - a +0 pair of boots (worn)
 P - the +2 cloak of the Tuna {rPois MR- rCorr Dex+8}
   (You acquired it on level 3 of the Elven Halls)

   It affects your dexterity (+8).
   It protects you from poison.
   It affects your resistance to hostile enchantments.
   It provides partial protection from all sources of acid and corrosion.
 X - a +1 plate armour of cold resistance (worn)
Jewellery
 l - a +4 ring of protection
 p - an uncursed ring of wizardry
 r - the amulet of Nagic (around neck) {rElec rPois rF+++ Regen+ Str-4}
   (You found it on level 10 of the Dungeon)

   [amulet of regeneration]

   It affects your strength (-4).
   It renders you almost immune to fire.
   It insulates you from electricity.
   It protects you from poison.
   It increases your rate of regeneration.
 t - an uncursed ring of protection from cold
 B - the ring of Sirchamn (left hand) {*Corrode rElec rN+ AC+4}
   (You found it in the Desolation of Salt)

   [ring of protection]

   It affects your AC (+4).
   It insulates you from electricity.
   It protects you from negative energy.
   It may corrode you when you take damage.
 G - the ring of Typtoomp (right hand) {rC+ Dex+5 SInv}
   (You found it on level 3 of the Elven Halls)

   [ring of see invisible]

   It affects your dexterity (+5).
   It protects you from cold.
   It lets you see invisible.
 J - the ring "Hero's Friend" {rC+ Str+4 Dex+4 Stlth+}
   (You found it on level 10 of the Dungeon)

   [ring of strength]

   It affects your strength (+4).
   It affects your dexterity (+4).
   It protects you from cold.
   It makes you more stealthy.
 O - an uncursed ring of poison resistance
 V - a +1 ring of protection
Wands
 v - a wand of iceblast (24)
 y - a wand of digging (17)
 I - a wand of enslavement (9)
 T - a wand of acid (28)
Scrolls
 d - a scroll of immolation
 f - 9 scrolls of remove curse
 i - 11 scrolls of teleportation
 w - 3 scrolls of identify
 z - a scroll of fog
 C - 3 scrolls of silence
 E - 4 scrolls of blinking
 K - a scroll of holy word
 M - 5 scrolls of enchant armour
 Q - 3 scrolls of fear
Potions
 e - 2 potions of magic
 g - 10 potions of flight
 h - 3 potions of haste
 j - 4 potions of brilliance
 k - 6 potions of heal wounds
 m - 3 potions of might
 n - 15 potions of curing
 A - a potion of invisibility
 F - a potion of cancellation
 H - 5 potions of lignification
 L - a potion of berserk rage
 N - 5 potions of mutation
 R - 2 potions of ambrosia
 S - 2 potions of resistance
 U - a potion of agility
Comestibles
 c - 39 rations


   Skills:
 + Level 17.9 Fighting
 - Level 18.0 Axes
 + Level 17.7 Armour
 + Level 16.4 Dodging
 + Level 12.5 Evocations


You had 17 spell levels left.
You didn't know any spells.
Your spell library was empty.

Dungeon Overview and Level Annotations

Branches:
Dungeon (11/15)            Temple (1/1) D:5            Lair (6/6) D:8
  Swamp (4/4) Lair:4        Snake (0/4) Lair:2        Slime (0/5) Lair:6
    Orc (2/2) D:11            Elf (3/3) Orc:2

Altars:
Ashenzari
Gozag
Kikubaaqudgha
Makhleb
Nemelex Xobeh
Okawaru
Ru
Sif Muna
Uskayaw
Xom
The Shining One
Jiyva

Shops:
D:7 :   Orc:2 ([::   Elf:1 *

Annotations:
D:6 Sludgepup's ghost, novice DDFi
Lair:6 1 runed door
Swamp:3 2 runed doors, Xuaf's ghost, adept MiBe
Elf:2 3 runed doors


Innate Abilities, Weirdness & Mutations

You reflexively headbutt those who attack you in melee.
You have a pair of horns on your head.


Message History

You miss the deep elf master archer.
You headbutt the deep elf master archer!
The deep elf master archer is severely wounded.
The deep elf master archer shoots an arrow.
The arrow hits you!!
* * * LOW HITPOINT WARNING * * *
You slice the deep elf master archer!!
You kill the deep elf master archer!
Trog accepts your kill.
You feel yourself speed up.
You feel yourself speed up.
You recover from your berserk rage.
You see here a short sword.
A deep elf sorcerer comes into view. It is wielding a dagger.
The deep elf sorcerer gestures wildly while chanting.
The deep elf sorcerer seems to speed up.
There is an open door here.
The deep elf sorcerer gestures at you while chanting.
The sphere of damnation explodes!
The damnation engulfs you!
You die...

....#....## ##..##
#.....#...###
..........###....####....##...#
...........#......##.....##...#
..................##...).#....#
.........)........##...#)#)..##
..................#....##....#
....#.............#...###....#
...##########.....#..###....##
..## ##..@##...#.....# .##
###'##........## ##
#..#......### #.).)..####
#)###### #)# #### ####.##
##..## #...e.#
######....###.....#


You could see a deep elf sorcerer.

Vanquished Creatures
  A bone dragon (Abyss:2)
  A deep elf master archer (Elf:3)
  2 tentacled starspawn (Abyss:2)
  An Executioner (Abyss:2)
  3 thorn hunters
  An imperial myrmidon (Desolation)
  2 deep elf sorcerers
  A deep elf elementalist (Elf:3)
  A very ugly thing (Swamp:4)
  A yellow draconian (Abyss:2)
  5 deep elf annihilators
  5 halazid warlocks (Desolation)
  6 deep elf demonologists
  An ettin (Orc:2)
  Snorg (Lair:3)
  5 ragged hierophants
  3 deep elf death magi (Elf:3)
  6 peacekeepers (Desolation)
  2 ogre magi (Orc:2)
  2 ghost crabs
  3 deep elf high priests (Elf:3)
  20 hydras
  Harold (D:8)
  A catoblepas (Lair:6)
  A rakshasa (Abyss:2)
  11 alligators
  11 two-headed ogres
  16 dancing weapons
  A centaur warrior (D:10)
  2 orc high priests
  A tengu warrior (D:10)
  Nergalle (Lair:3)
  12 spriggans
  16 deep elf knights
  2 deep trolls (Orc:2)
  A spatial maelstrom (Abyss:2)
  A glowing orange brain (Abyss:2)
  2 shambling mangroves
  7 swamp dragons
  A spriggan druid (Swamp:4)
  An unseen horror (D:10)
  2 ironbrand convokers (Desolation)
  2 orc knights
  40 deep elf magi
  12 deep elf archers
  2 ugly things
  An orb spider (shapeshifter) (Elf:3)
  4 cyclopes
  2 manticores
  2 orc sorcerers
  An oklob plant (Lair:3)
  Joseph (D:8)
  A guardian serpent (Desolation)
  2 black mambas (Lair:6)
  26 spiny frogs
  A molten gargoyle (Desolation)
  2 gargoyles
  2 torpor snails
  An orange demon (Abyss:2)
  A kobold demonologist (D:6)
  9 rime drakes
  A freezing wraith (D:10)
  8 komodo dragons
  A demonic crawler (Abyss:2)
  An ancient zyme (Abyss:2)
  12 trolls
  2 polar bears
  15 hornets
  22 blink frogs
  19 tyrant leeches
  30 saltlings
  3 slime creatures (Swamp:1)
  Prince Ribbit (D:8)
  14 hippogriffs
  8 bog bodies
  3 dream sheep (Lair:5)
  4 air elementals
  2 large abominations (Abyss:2)
  Sigmund (D:5)
  A shadow (Swamp:3)
  2 ynoxinuls (Abyss:2)
  4 water elementals
  A human (D:8)
  A yak (shapeshifter) (Elf:2)
  3 fire bats (Abyss:2)
  8 wyverns
  3 hogs (D:8)
  6 basilisks
  2 fire elementals (Elf:1)
  A wraith (D:11)
  A hungry ghost (D:11)
  29 yaks
  2 steam dragons
  3 wargs
  Edmund (D:5)
  22 vampire mosquitoes
  An acid dragon (D:10)
  19 swamp worms
  9 insubstantial wisps
  8 water moccasins
  4 porcupines
  16 swamp drakes
  Duvessa (D:4)
  2 small abominations (Abyss:2)
  6 ice beasts
  4 black bears
  3 sky beasts
  22 orc warriors
  A necrophage (D:11)
  24 ogres
  2 phantoms
  10 wolves
  6 centaurs
  10 crocodiles
  15 big kobolds
  26 bullfrogs
  4 earth elementals
  Dowan (D:4)
  16 killer bees
  5 scorpions
  3 wights (D:9)
  7 howler monkeys
  A bullfrog zombie (D:11)
  5 crimson imps
  6 jellies
  A quasit (D:11)
  6 hounds
  3 bullfrog skeletons
  4 centaur skeletons
  7 orc priests
  Crazy Yiuf (D:6)
  6 iguanas
  17 orc wizards
  5 worker ants
  A hound zombie (D:10)
  A hound skeleton (D:8)
  A worker ant zombie (D:9)
  2 gnolls (D:4)
  7 adders
  A shadow imp (D:11)
  An ufetubus (Abyss:2)
  14 oozes
  2 adder skeletons
  2 worms
  3 dart slugs
  3 leopard geckos
  69 orcs
  2 ball pythons
  5 giant cockroaches
  8 goblins
  8 hobgoblins
  7 jackals
  4 quokkas
  5 bats
  A frilled lizard (D:1)
  40 kobolds
  A leopard gecko skeleton (D:6)
  A quokka skeleton (D:7)
  A quokka zombie (D:7)
  2 rats (D:1)
  5 briar patches (Swamp:2)
  2 butterflies (D:7)
  A fungus (Lair:3)
  8 plants (Lair:6)
  3 starspawn tentacles (Abyss:2)
1011 creatures vanquished.

Vanquished Creatures (collateral kills)
  A thorn hunter (Swamp:4)
  2 hydras (Swamp:4)
  2 swamp dragons (Swamp:4)
  An ugly thing (D:10)
6 creatures vanquished.

Vanquished Creatures (others)
  A dancing weapon (Elf:3)
  Sonja (Lair:3)
  A deep elf mage (Elf:1)
  A swamp worm (Swamp:2)
  3 briar patches (Swamp:2)
  39 fungi
  38 plants
  3 starspawn tentacles (Abyss:2)
87 creatures vanquished.

Grand Total: 1104 creatures vanquished

Notes
Turn   | Place    | Note
-------+----------+-------------------------------------------
     0 | D:1      | Rediskos the Minotaur Berserker began the quest for the
                  | Orb.
     0 | D:1      | Reached XP level 1. HP: 19/19 MP: 0/0
   299 | D:1      | Reached XP level 2. HP: 27/27 MP: 1/1
   345 | D:1      | Reached skill level 4 in Axes
   792 | D:2      | Reached XP level 3. HP: 33/33 MP: 2/2
  1439 | D:3      | Reached XP level 4. HP: 29/40 MP: 3/3
  1441 | D:3      | Reached ** piety under Trog
  1472 | D:3      | Noticed an ogre
  1479 | D:3      | Killed an ogre
  1479 | D:3      | Reached skill level 5 in Axes
  1479 | D:3      | Reached XP level 5. HP: 47/47 MP: 4/4
  1915 | D:4      | Noticed Dowan
  1931 | D:4      | Killed Dowan
  1935 | D:4      | Noticed Duvessa
  1945 | D:4      | Killed Duvessa
  1945 | D:4      | Reached skill level 5 in Fighting
  1945 | D:4      | Reached skill level 6 in Axes
  1945 | D:4      | Reached XP level 6. HP: 45/56 MP: 5/5
  2326 | D:4      | Reached XP level 7. HP: 61/61 MP: 6/6
  2398 | D:4      | Reached skill level 7 in Axes
  2492 | D:4      | Reached skill level 5 in Armour
  2544 | D:4      | Reached *** piety under Trog
  2723 | D:4      | Found a hide-covered altar of Uskayaw.
  3073 | D:5      | Entered Level 5 of the Dungeon
  3140 | D:5      | Found a glowing golden altar of the Shining One.
  3150 | D:5      | Reached skill level 5 in Dodging
  3163 | D:5      | Noticed Sigmund
  3171 | D:5      | Reached XP level 8. HP: 70/70 MP: 7/7
  3175 | D:5      | Killed Sigmund
  3175 | D:5      | Reached skill level 8 in Axes
  3344 | D:5      | Found a burning altar of Makhleb.
  3753 | D:5      | Found a staircase to the Ecumenical Temple.
  3773 | D:5      | Noticed Edmund
  3786 | D:5      | Killed Edmund
  4029 | Temple   | Entered the Ecumenical Temple
  4067 | D:6      | Found a deep blue altar of Sif Muna.
  4082 | D:6      | Reached skill level 9 in Axes
  4249 | D:6      | Found a runed gate.
  4250 | D:6      | Noticed Sludgepup's ghost (novice DDFi)
  4250 | D:6      | Noticed a kobold demonologist
  4271 | D:6      | Found a runed gate.
  4271 | D:6      | Found a runed gate.
  4291 | D:6      | Noticed an orange demon
  4291 | D:6      | Reached XP level 9. HP: 79/79 MP: 8/8
  4297 | D:6      | Paralysed by a big kobold for 7 turns
  4341 | D:6      | Found a runed door.
  4346 | D:6      | Noticed Crazy Yiuf
  4358 | D:6      | Paralysed by Crazy Yiuf for 6 turns
  4365 | D:6      | Killed Crazy Yiuf
  4525 | D:6      | Reached skill level 10 in Axes
  4590 | D:6      | Found a sacrificial altar of Ru.
  4592 | D:6      | Found an opulent altar of Gozag.
  4750 | D:6      | Killed a kobold demonologist
  4910 | D:6      | Reached **** piety under Trog
  5066 | D:7      | Found a shimmering altar of Xom.
  5164 | D:7      | Found Vemapneo's Book Emporium.
  5289 | D:7      | Found a shattered altar of Ashenzari.
  5534 | D:7      | Found a sparkling altar of Nemelex Xobeh.
  5664 | D:7      | Reached skill level 11 in Axes
  5871 | D:8      | Found an iron altar of Okawaru.
  5905 | D:8      | Noticed Harold
  5918 | D:8      | Killed Harold
  5918 | D:8      | Reached XP level 10. HP: 90/90 MP: 9/9
  6222 | D:8      | Noticed Prince Ribbit
  6241 | D:8      | Killed Prince Ribbit
  6321 | D:8      | Reached skill level 12 in Axes
  6437 | D:8      | Found a staircase to the Lair.
  6584 | D:8      | Got a smoking mace
  6588 | D:8      | Identified the +1 mace of Moeq {freeze, +Rage Int-2 Dex+4}
                  | (You found it on level 8 of the Dungeon)
  6629 | D:8      | Noticed Joseph
  6644 | D:8      | Killed Joseph
  7053 | D:9      | Found the +8 demon blade "Bloodbane" {slice, *Rage +Rage
                  | Stlth-}
  7142 | D:9      | Noticed a cyclops
  7164 | D:9      | Killed a cyclops
  7224 | D:9      | Reached XP level 11. HP: 99/99 MP: 10/10
  7255 | D:9      | Reached skill level 13 in Axes
  7317 | D:9      | Reached ***** piety under Trog
  7357 | D:9      | Reached skill level 10 in Fighting
  8157 | D:10     | Entered Level 10 of the Dungeon
  8162 | D:10     | Reached skill level 1 in Evocations
  8282 | D:10     | Found an ancient bone altar of Kikubaaqudgha.
  8479 | D:10     | Received a gift from Trog
  8588 | D:10     | Noticed a centaur warrior
  8593 | D:10     | Found a runed door.
  8615 | D:10     | Killed a centaur warrior
  8615 | D:10     | Reached skill level 10 in Armour
  8658 | D:10     | Killed an unseen horror
  8681 | D:10     | Noticed a green ugly thing
  8697 | D:10     | Killed a green ugly thing
  8902 | D:10     | Noticed a five-headed hydra
  8902 | D:10     | Noticed a tengu warrior
  8906 | D:10     | Noticed a two-headed ogre
  8908 | D:10     | Killed a five-headed hydra
  8908 | D:10     | Reached skill level 14 in Axes
  8914 | D:10     | Killed a tengu warrior
  8924 | D:10     | Killed a two-headed ogre
  8925 | D:10     | Noticed a white ugly thing
  8942 | D:10     | Killed a white ugly thing
  9203 | D:10     | Got a smoking bone ring
  9206 | D:10     | Got a vibrating crystal amulet
  9213 | D:10     | Got a fine ivory amulet
  9216 | D:10     | Got a shimmering graven amulet
  9681 | Lair:1   | Entered Level 1 of the Lair of Beasts
  9897 | Lair:1   | Noticed an eight-headed hydra
  9910 | Lair:1   | Killed an eight-headed hydra
  9910 | Lair:1   | Reached XP level 12. HP: 108/108 MP: 13/13
 10504 | Lair:2   | Identified the ring "Hero's Friend" {rC+ Str+4 Dex+4
                  | Stlth+} (You found it on level 10 of the Dungeon)
 10505 | Lair:2   | Identified the amulet of Douloyte {Reflect rElec rPois
                  | SH+4} (You found it on level 10 of the Dungeon)
 10610 | Lair:2   | Reached skill level 10 in Dodging
 10866 | Lair:2   | Found a staircase to the Snake Pit.
 11464 | Lair:3   | Noticed Sonja
 11477 | Lair:3   | Killed Sonja
 11636 | Lair:3   | Noticed Snorg
 11650 | Lair:3   | Killed Snorg
 11735 | Lair:3   | Noticed Nergalle
 11747 | Lair:3   | Killed Nergalle
 12094 | Lair:3   | Reached skill level 15 in Axes
 12544 | Lair:4   | Noticed an eight-headed hydra
 12553 | Lair:4   | Reached skill level 5 in Evocations
 12554 | Lair:4   | Killed an eight-headed hydra
 12599 | Lair:4   | Reached XP level 13. HP: 69/117 MP: 15/15
 12957 | Lair:4   | Identified the amulet of Nagic {rElec rPois rF+++ Regen+
                  | Str-4} (You found it on level 10 of the Dungeon)
 13094 | Lair:4   | Identified the amulet of Poer Quust {+Rage rN++ Dex+2} (You
                  | found it on level 10 of the Dungeon)
 13117 | Lair:4   | Found a staircase to the Swamp.
 13198 | Lair:4   | Reached skill level 16 in Axes
 13658 | Lair:5   | Received a gift from Trog
 14209 | Lair:6   | Entered Level 6 of the Lair of Beasts
 14951 | Lair:6   | Received a gift from Trog
 15006 | Lair:6   | Reached skill level 17 in Axes
 15006 | Lair:6   | Reached XP level 14. HP: 119/127 MP: 17/17
 15105 | Lair:6   | Found a runed door.
 15105 | Lair:6   | Found a viscous altar of Jiyva.
 15105 | Lair:6   | Found a staircase to the Slime Pits.
 15105 | Lair:6   | Noticed an acid blob
 15105 | Lair:6   | Noticed an acid blob
 15105 | Lair:6   | Noticed an acid blob
 15105 | Lair:6   | Noticed an acid blob
 15554 | Swamp:1  | Entered Level 1 of the Swamp
 15986 | Swamp:1  | Received a gift from Trog
 16871 | Swamp:2  | Noticed a thorn hunter
 17180 | Swamp:2  | Killed a thorn hunter
 17640 | Swamp:2  | Reached skill level 18 in Axes
 18190 | Swamp:2  | You fall through a shaft!
 18382 | Swamp:3  | Reached XP level 15. HP: 100/137 MP: 20/20
 18720 | Swamp:3  | Noticed a thorn hunter
 18736 | Swamp:3  | Killed a thorn hunter
 18986 | Swamp:3  | Found a large runed door.
 18986 | Swamp:3  | Found a large runed door.
 18990 | Swamp:3  | Noticed Xuaf's ghost (adept MiBe)
 19186 | Swamp:4  | Entered Level 4 of the Swamp
 19314 | Swamp:4  | Received a gift from Trog
 19607 | Swamp:4  | Noticed a thorn hunter
 19612 | Swamp:4  | Killed a thorn hunter
 19723 | Swamp:4  | Noticed a thorn hunter
 19737 | Swamp:4  | Killed a thorn hunter
 20014 | Swamp:4  | Got a decaying rune of Zot
 20198 | Swamp:4  | Reached skill level 15 in Fighting
 21214 | D:11     | Found a staircase to the Orcish Mines.
 21344 | D:11     | Received a gift from Trog
 21522 | Orc:1    | Entered Level 1 of the Orcish Mines
 21531 | Orc:1    | Reached skill level 15 in Armour
 21882 | Orc:2    | Entered Level 2 of the Orcish Mines
 21897 | Orc:2    | Found a staircase to the Elven Halls.
 21936 | Orc:2    | Reached XP level 16. HP: 140/149 MP: 22/22
 21970 | Orc:2    | Found Haown's Antique Weapon Emporium.
 22059 | Orc:2    | Found Nefett's Antique Armour Shoppe.
 22081 | Orc:2    | Reached skill level 10 in Evocations
 22102 | Orc:2    | Found Iwopleat's Book Shop.
 22116 | Orc:2    | Received a gift from Trog
 22164 | Orc:2    | Found Izonolao's Book Emporium.
 22641 | Elf:1    | Entered Level 1 of the Elven Halls
 22755 | Elf:1    | Received a gift from Trog
 23163 | Elf:1    | Noticed a Tzitzimitl
 23176 | Elf:1    | Received a gift from Trog
 23317 | Elf:1    | Cast into level 2 of the Abyss (a deep elf demonologist)
 23320 | Abyss:2  | Found a corrupted altar of Lugonu.
 23548 | Abyss:2  | Noticed a bone dragon
 23565 | Abyss:2  | Killed a bone dragon
 23573 | Abyss:2  | Noticed a tentacled starspawn
 23574 | Abyss:2  | Noticed an Executioner
 23581 | Abyss:2  | Noticed a tentacled starspawn
 23583 | Abyss:2  | Killed a tentacled starspawn
 23583 | Abyss:2  | Reached skill level 15 in Dodging
 23596 | Abyss:2  | Killed an Executioner
 23601 | Abyss:2  | Killed a tentacled starspawn
 23608 | Elf:1    | Escaped the Abyss
 23615 | Elf:1    | Reached XP level 17. HP: 79/158 MP: 8/24
 23865 | Elf:1    | Found Aloyzi's General Store.
 24448 | Elf:2    | Received a gift from Trog
 24487 | Elf:2    | Found a ruined gateway.
 24512 | Desolati | Entered the Desolation of Salt
 24725 | Desolati | Identified the Guide on Talismans
 24788 | Desolati | Got a clouded amber ring
 24790 | Desolati | Got a brightly glowing lead amulet
 24791 | Desolati | Identified the amulet "Uplaseyr" {-Tele +Rage rF+++ MR+++
                  | Str-2} (You found it in the Desolation of Salt)
 24794 | Desolati | Identified the ring of Sirchamn {*Corrode rElec rN+ AC+4}
                  | (You found it in the Desolation of Salt)
 24915 | Desolati | Found the +6 shillelagh "Devastator" {shatter}
 24920 | Desolati | Got a warped ivory amulet
 24921 | Desolati | Identified the amulet of Funex {Inacc Int+3} (You found it
                  | in the Desolation of Salt)
 25764 | Elf:2    | Received a gift from Trog
 25900 | Elf:2    | Found a runed gate.
 25905 | Elf:2    | Found a runed gate.
 25905 | Elf:2    | Found a runed gate.
 25941 | Elf:3    | Entered Level 3 of the Elven Halls
 26166 | Elf:3    | Got a scorched jade ring
 26168 | Elf:3    | Identified the ring of Typtoomp {rC+ Dex+5 SInv} (You found
                  | it on level 3 of the Elven Halls)
 26502 | Elf:3    | Reached XP level 18. HP: 164/169 MP: 8/26
 26618 | Elf:3    | Identified a scroll of acquirement
 26622 | Elf:3    | Got a dazzling cloak
 26633 | Elf:3    | Identified the +2 cloak of the Tuna {rPois MR- rCorr Dex+8}
                  | (You acquired it on level 3 of the Elven Halls)
 27007 | Elf:3    | Noticed a Brimstone Fiend
 27024 | Elf:3    | Received a gift from Trog
 27427 | Elf:3    | HP: 1/171 [deep elf master archer/arrow (28)]
 27452 | Elf:3    | Killed from afar by a deep elf sorcerer

Skill      XL: |  1  2  3  4  5  6  7  8  9 10 11 12 13 14 15 16 17 |
---------------+----------------------------------------------------+-----
Axes           | 4 5 6 7 9 11 12 14 15 17 18 | 18.0
Fighting       | 4 5 6 7 8 9 10 11 12 13 15 16 17 | 17.9
Armour         | 3 4 5 6 8 9 10 11 12 13 15 16 17 | 17.7
Dodging        | 3 4 5 6 7 8 9 10 11 12 13 15 16 | 16.4
Evocations     | 3 5 6 8 9 11 12 | 12.5

Action                   |  1- 3 |  4- 6 |  7- 9 | 10-12 | 13-15 | 16-18 || total
-------------------------+-------+-------+-------+-------+-------+-------++-------
Melee: Hand axe          |    69 |    70 |   307 |   362 |       |       ||   808
       Headbutt          |     9 |    13 |    69 |   185 |   296 |   256 ||   828
       Mace              |       |       |       |   141 |   145 |       ||   286
       Battleaxe         |       |       |       |    23 |       |       ||    23
       Broad axe         |       |       |       |   116 |   990 |   952 ||  2058
Invok: Berserk           |       |     3 |     7 |    10 |    18 |     7 ||    45
       Trog's Hand       |       |     2 |     4 |     8 |    13 |    25 ||    52
       Brothers in Arms  |       |       |       |     2 |     5 |       ||     7
Evoke: Wand              |       |       |       |     1 |       |       ||     1
  Use: Scroll            |     7 |     1 |     5 |    22 |     8 |     9 ||    52
       Potion            |       |       |       |       |     1 |     2 ||     3
 Stab: Sleeping          |       |       |     1 |       |       |       ||     1
       Confused          |       |       |       |       |     2 |       ||     2
       Distracted        |       |       |       |       |     2 |     3 ||     5
  Eat: Chunk             |     3 |     2 |    15 |    23 |    32 |    18 ||    93
       Ration            |     1 |     1 |     1 |     4 |     7 |     5 ||    19
Armor: Ring mail         |     6 |       |       |       |       |       ||     6
       Chain mail        |    31 |    39 |   153 |    32 |       |       ||   255
       Plate armour      |       |       |       |   341 |   702 |   457 ||  1500
       Skin              |       |       |       |     1 |       |       ||     1
Dodge: Dodged            |    31 |    28 |   124 |   331 |   734 |   468 ||  1716
Block: Other             |       |       |     9 |    59 |    59 |       ||   127
       Reflection        |       |       |       |     1 |     2 |       ||     3
       Buckler           |       |       |       |       |   174 |   122 ||   296
